 Dungeon Crawl Stone Soup version 0.31-a0-4-gefa6de2278 (webtiles) character file.

Game seed: 13925660447514234768

325772 jasper the Stormcaller (level 20, -4/105 HPs)
             Began as a Demonspawn Air Elementalist on May 4, 2023.
             Was the Champion of Vehumet.
             Killed from afar by a wretched star (20 damage)
             ... with a lance of force
             ... on level 3 of the Abyss.
             The game lasted 01:43:17 (47324 turns).

jasper the Stormcaller (DsAE)                      Turns: 47324, Time: 01:43:18

Health: -4/105     AC: 19    Str: 11      XL:     20   Next: 74%
Magic:  0/27       EV: 15    Int: 24 (26) God:    Vehumet [******]
Gold:   1548       SH:  8    Dex: 12      Spells: 2/50 levels left

rFire   + + .        c - staff of air "Joenisto" {rElec rCorr}
rCold   + . .        d - +3 buckler {rC+}
rNeg    . . .        S - +4 troll leather armour
rPois   .            y - +4 hat of Inviolability {Str+4}
rElec   +            J - +1 cloak
rCorr   +            p - +2 pair of gloves {Dex+3}
SInv    .            (boots unavailable)
Will    ++...        R - amulet "Riem" {Spirit rF+ Regen+}
Stlth   ++           E - ring of willpower
HPRegen 0.00/turn    k - +6 ring of intelligence
MPRegen 0.40/turn

%: random rage (9%), guardian spirit
@: inhibited regen, studying Necromancy, unable to read, unable to drink
A: hooves 3, molten scales 3, powered by death 3, magic shield, magic
regeneration, corrupting presence 2, [berserk 2], [clumsy 2], [deformed body],
[dopey 2], [frail 3], [low MP 3], [inhibited regeneration], ([teleportitis 2]),
[weak 2], [no potion heal 2], [inability to drink after injury 2], [inability to
read after injury 2]
}: 2/15 runes: decaying, serpentine
a: Renounce Religion


You were on level 3 of the Abyss.
You worshipped Vehumet.
Vehumet was exalted by your worship.
You visited 8 branches of the dungeon, and saw 36 of its levels.
You visited the Abyss 3 times.
You also visited: Sewer and Ice Cave.

You collected 5385 gold pieces.
You spent 3837 gold pieces at shops.

Inventory:

Missiles
 Q - 7 curare-tipped darts
Armour
 d - a +3 buckler of cold resistance (worn)
 h - +0 swamp dragon scales
 p - a +2 pair of gloves of dexterity (worn)
 y - the +4 hat of Inviolability (worn) {Str+4}
   (You found it on level 7 of the Dungeon)

   Str:       It affects your strength (+4).
 J - a +1 cloak (worn)
 S - a +4 troll leather armour (worn)
Magical Staves
 c - the staff of air "Joenisto" (weapon) {rElec rCorr}
   (You acquired it in a sewer)

   [staff of air]

   Base accuracy: +5 Base damage: 5 Base attack delay: 1.2 This weapon's minimum
   attack delay (0.6) is reached at skill level 12.
   rElec:     It insulates you from electricity.
   rCorr:     It protects you from acid and corrosion.
   It falls into the 'Staves' category.
   It is a one-handed weapon.
Jewellery
 k - a +6 ring of intelligence (right hand)
 E - a ring of willpower (left hand)
 I - a ring of protection from fire
 M - a ring of magical power
 R - the amulet "Riem" (around neck) {Spirit rF+ Regen+}
   (You bought it in a shop on level 12 of the Dungeon)

   [amulet of guardian spirit]

   It causes incoming damage to be divided between your reserves of health and
   magic.
   rF:        It protects you from fire.
   Regen:     It increases your rate of health regeneration.
 U - a ring of ice
 W - a ring of protection from fire
Wands
 a - a wand of light (4)
 g - a wand of roots (38)
 m - a wand of flame (115)
 D - a wand of paralysis (28)
 K - a wand of digging (21)
 L - a wand of polymorph (3)
Scrolls
 e - 13 scrolls of vulnerability
 f - 8 scrolls of immolation
 s - a scroll of summoning
 v - 15 scrolls of teleportation
 C - 5 scrolls of poison
 F - a scroll of silence
 G - 7 scrolls of magic mapping
 H - 8 scrolls of enchant weapon
 N - 6 scrolls of fog
 O - 17 scrolls of identify
 P - a scroll of brand weapon
 V - 3 scrolls of fear
Potions
 b - 5 potions of magic
 i - a potion of berserk rage
 j - 7 potions of mutation
 l - 11 potions of might
 n - 12 potions of curing
 o - 9 potions of brilliance
 t - 8 potions of attraction
 u - 10 potions of haste
 w - 6 potions of lignification
 x - 4 potions of cancellation
 z - a potion of resistance
 A - 7 potions of flight
 B - 6 potions of invisibility
 Y - 5 potions of ambrosia
 Z - 3 potions of heal wounds
Miscellaneous
 X - a condenser vane (inert)


   Skills:
 + Level 11.1 Fighting
 - Level 12.0 Staves
 + Level 10.2 Dodging
 - Level 1.7 Stealth
 - Level 4.1 Shields
 + Level 15.5 Spellcasting
 - Level 10.0 Conjurations
 + Level 16.1 Fire Magic
 + Level 18.7 Air Magic
 - Level 3.6 Poison Magic
 - Level 6.0 Evocations


You had 2 spell levels left.
You knew the following spells:

 Your Spells              Type           Power      Damage    Failure   Level
b - Conjure Ball Lightni  Conj/Air       46%        3x3d16    1%          6
c - Swiftness             Air            100%       N/A       0%          3
d - Airstrike             Air            52%        2d(8-24)  1%          4
e - Mephitic Cloud        Conj/Pois/Air  81%        N/A       1%          3
f - Ignition              Fire           38%        3d11      13%         8
g - Freezing Cloud        Conj/Ice/Air   38%        6-21      1%          5
h - Ignite Poison         Fire/Tmut/Pois 50%        N/A       1%          3
i - Blink                 Tloc           36%        N/A       9%          2
j - Plasma Beam           Fire/Air       50%        2x1d71    1%          6
k - Maxwell's Capacitive  Air            52%        ∞         4%          8

Your spell library contained the following spells:

 Spells                   Type           Power      Damage    Failure   Level
 Chain Lightning          Conj/Air       46%        3d61      97%         9
 Fire Storm               Conj/Fire      34%        8d9       99%         9
 Polar Vortex             Ice            9%         N/A       100%        9
 Shock                    Conj/Air       100%       1d9       0%          1
 Static Discharge         Conj/Air       100%       2-7/arc   0%          2
 Foxfire                  Conj/Fire      100%       2x1d9     1%          1
 Sting                    Tmut/Pois      100%       1d8       2%          1
 Wereblood                Tmut           18%        N/A       9%          2
 Dazzling Flash           Conj/Hex       84%        N/A       1%          3
 Inner Flame              Hex/Fire       55%        N/A       1%          3
 Stone Arrow              Conj/Erth      84%        3d12      1%          3
 Volatile Blastmotes      Fire/Tloc      100%       2d18      1%          3
 Iskenderun's Mystic Bla  Conj/Tloc      42%        2d10      1%          4
 Sticky Flame             Conj/Fire      69%        2d8       1%          4
 Fireball                 Conj/Fire      34%        3d14      1%          5
 Starburst                Conj/Fire      34%        6d10      1%          6
 Olgreb's Toxic Radiance  Pois           36%        N/A       3%          4
 Irradiate                Conj/Tmut      21%        3d18      5%          5
 Gell's Gravitas          Tloc           18%        N/A       17%         3
 Portal Projectile        Hex/Tloc       36%        N/A       17%         3
 Summon Guardian Golem    Hex/Summ       18%        N/A       17%         3
 Teleport Other           Tloc           18%        N/A       17%         3
 Tukima's Dance           Hex            18%        N/A       17%         3
 Yara's Violent Unravell  Hex/Tmut       9%         3d6       36%         5
 Animate Armour           Summ/Erth      36%        N/A       50%         4
 Manifold Assault         Tloc           18%        N/A       50%         4
 Passage of Golubria      Tloc           18%        N/A       50%         4
 Storm Form               Tmut/Air       38%        N/A       69%         7
 Blade Hands              Tmut           9%         N/A       83%         5
 Summon Forest            Summ/Tloc      9%         N/A       83%         5
 Summon Mana Viper        Hex/Summ       18%        N/A       83%         5
 Dispersal                Tloc           9%         N/A       100%        6
 Statue Form              Tmut/Erth      12%        N/A       100%        6
 Summon Cactus Giant      Summ           9%         N/A       100%        6
 Dragon Form              Tmut           9%         N/A       100%        7
 Summon Hydra             Summ           9%         N/A       100%        7
 Disjunction              Tloc           9%         N/A       100%        8
 Lehudib's Crystal Spear  Conj/Erth      21%        10d6      100%        8


Dungeon Overview and Level Annotations

Branches:
Dungeon (15/15)            Temple (1/1) D:6            Lair (5/5) D:11
  Swamp (4/4) Lair:2        Snake (4/4) Lair:2        Slime (0/5) Lair:4
    Orc (2/2) D:12            Elf (3/3) Orc:2        Vaults (2/5) D:14
 Depths (0/4) D:15          Sewer (visited)           IceCv (visited)
  Crypt: Vaults:2-3

Altars:
Ashenzari
Cheibriados
Dithmenos
Fedhas
Gozag
Hepliaklqana
Kikubaaqudgha
Makhleb
Nemelex Xobeh
Okawaru
Ru
Uskayaw
Vehumet
Yredelemnul

Shops:
D:6 !   D:10 *   D:12 =   D:15 =   Orc:2 ([(*[   Snake:1 (**   Snake:2 **
Snake:3 ?   Snake:4 !

Annotations:
D:15 2 runed translucent doors, Keluf's ghost, journeyman GrFi
Snake:3 1 runed translucent door, lotum's ghost, journeyman DsCj
Elf:2 3 runed translucent doors


Innate Abilities, Weirdness & Mutations

You have hooves in place of feet.
You are completely covered in molten scales. (AC +4, rF+)
You regenerate a lot of health from kills.
When hurt, damage is shared between your health and your magic reserves.
You regenerate magic rapidly.
Your presence sometimes corrodes or deforms those you injure.
[You have an uncontrollable temper.]
[You are very clumsy. (Dex -4)]
[Armour fits poorly on your strangely shaped body.]
[You are very dopey. (Int -4)]
[You are extremely frail. (-30% HP)]
[Your magical capacity is extremely low. (-30% MP)]
[You do not regenerate when monsters are visible.]
[((You are often teleported next to monsters.))]
[You are very weak. (Str -4)]
[Potions cannot restore your health.]
[You sometimes lose the ability to drink potions when taking damage.]
[You sometimes lose the ability to read scrolls when taking damage.]


Message History

You regained 2 mp, and now have 6/27 mp.
Casting: Plasma Beam (mildly dangerous; 1% risk of failure)
Press: ? - help, Q - select action, (/) - cycle Dir - look around, f - activate You feel a surge of power!
The bolt of lightning hits the lurking horror!!!
Your body is wracked with pain!
You feel threatened and lose the ability to read scrolls!
You feel threatened and lose the ability to drink potions!
The wretched star pulses with an eldritch light!
You feel clumsy. x2
The large abomination hits you!!
* * * LOW HITPOINT WARNING * * *
You take 61 damage, and have 16/105 hp.
MASSIVE DAMAGE!!
You now have 0/27 mp.
Aiming: Bolt of Light
Press: ? - help, Shift-Dir - straight line, f - wretched star
Aim: a wretched star (heavily damaged, 74% to hit)
The bolt of light hits the large abomination!
You destroy the large abomination!
Vehumet accepts your kill.
You feel your power returning.
The bolt of light misses the wretched star.
You hear a shout!
A tentacled starspawn comes into view.
You regained 3 mp, and now have 3/27 mp.
Aiming: Bolt of Light
Press: ? - help, Shift-Dir - straight line, f/p - wretched star
Aim: a wretched star (heavily damaged, 74% to hit)
The bolt of light hits the wretched star!
The wretched star is heavily damaged.
The wretched star is blinded.
A neqoxec comes into view.
The wretched star glows turbulently.
The lance of force misses you.
Found a gateway leading deeper into the Abyss.
The neqoxec gestures at you.
You feel dopey. Something feeds on your intellect!
The wretched star glows turbulently.
The lance of force hits you!!
You die...

#.#3.#...# . . #
..3....# ..# #
...#...# .
##....#..#. .
.......... A#
##..........
#*##.#†..## ..
#......#.........
........#@..#....
.##.....#.........
...............>
#................
..X....#.....##..
.######......# .
###.#.. #....


You could see a wretched star (blind) and a neqoxec.

Vanquished Creatures
  An ancient lich (Abyss:3)
  Vashnia (Snake:4)
  A profane servitor (Abyss:3)
  Jorgrun (Snake:2)
  7 deep elf blademasters
  2 deep elf master archers (Elf:3)
  2 tentacled starspawn
  Donald (Elf:3)
  A revenant (Abyss:2)
  5 deep elf sorcerers (Elf:3)
  7 nagarajas
  4 vault wardens
  6 deep elf elementalists (Elf:3)
  Aizul (Elf:3)
  5 ghouls
  An orc warlord (Vaults:1)
  A stone giant (D:15)
  An ironbound thunderhulk (Vaults:1)
  A very ugly thing (Abyss:3)
  5 deep elf demonologists
  A white draconian (IceCv)
  4 eleionomae
  7 bunyips
  11 dire elephants
  6 deep elf annihilators
  3 deep elf death magi (Elf:3)
  2 fire dragons
  2 great orbs of eyes (Vaults:1)
  A merfolk javelineer (Abyss:3)
  2 shambling mangroves (Swamp:4)
  3 deep elf high priests (Elf:3)
  An entropy weaver (Vaults:1)
  2 yaktaur captains
  An ice dragon (IceCv)
  3 salamander tyrants
  A rakshasa (D:14)
  4 vault guards
  23 hydras
  Erolcha (D:11)
  7 ironbound frosthearts
  2 ogre magi (Orc:2)
  A catoblepas (Lair:5)
  Erica (D:9)
  10 centaur warriors
  15 anacondas
  12 two-headed ogres
  A death knight (Abyss:2)
  10 dancing weapons
  3 boulder beetles
  14 naga warriors
  3 tengu warriors
  10 alligators
  2 thrashing horrors
  9 shock serpents
  2 spriggan berserkers (Swamp:4)
  An orc high priest (Orc:2)
  21 naga sharpshooters
  6 hell knights (D:10)
  Sonja (Orc:2)
  13 deep elf knights
  2 shadow wraiths
  3 wretched stars
  A sixfirhy (Abyss:2)
  A skyshark (Lair:1)
  A sea snake (Snake:1)
  2 deep trolls (Orc:2)
  6 salamander mystics
  A death drake (Abyss:3)
  An orange crystal statue (IceCv)
  3 spriggan druids
  10 goliath frogs
  8 naga ritualists
  An orb spider (Abyss:3)
  A glowing orange brain (Abyss:2)
  12 swamp dragons
  4 bog bodies
  9 deep elf archers
  A tengu zombie (Vaults:1)
  A phantasmal warrior (Abyss:2)
  3 lindwurms
  4 orc knights
  2 wizards
  19 deep elf pyromancers
  5 ironbound convokers
  5 harpies (Vaults:1)
  4 necromancers
  38 ugly things
  9 mana vipers
  A frost giant zombie (Vaults:1)
  9 cyclopes
  23 deep elf zephyrmancers
  3 will-o-the-wisps
  16 salamanders
  A worldbinder (Abyss:3)
  5 elephants (Lair:3)
  41 black mambas
  9 guardian serpents
  2 molten gargoyles (Lair:5)
  2 smoke demons (Abyss:2)
  7 vault sentinels
  An eye of devastation (Lair:4)
  12 naga magi
  2 kobold demonologists
  10 cane toads
  A gargoyle (D:12)
  20 rime drakes
  An unseen horror (D:11)
  2 freezing wraiths (D:14)
  8 yaktaurs
  4 torpor snails
  A hellion (Abyss:2)
  15 komodo dragons
  3 tengu conjurers (D:13)
  18 polar bears
  An ancient zyme (Abyss:2)
  A merfolk (Abyss:3)
  11 trolls
  A polar bear (shapeshifter) (D:13)
  9 tyrant leeches
  A bloated husk (Swamp:3)
  10 hornets
  35 blink frogs
  A tarantella (Vaults:1)
  4 raiju (Abyss:3)
  29 slime creatures
  A centaur simulacrum (D:15)
  5 flying skulls
  A jumping spider (Vaults:1)
  A ynoxinul (Abyss:2)
  2 air elementals
  A water elemental (Elf:1)
  12 spriggans
  A wraith (D:9)
  3 vampires
  A yak (shapeshifter) (D:15)
  2 fire elementals
  A human (shapeshifter) (Abyss:3)
  66 yaks
  11 starcursed masses
  7 wyverns
  3 golden eyes (Abyss:3)
  3 neqoxecs
  19 vampire mosquitoes
  2 basilisks (Lair:5)
  3 chaos spawn
  A redback (Vaults:1)
  A yaktaur simulacrum (Vaults:1)
  6 large abominations
  A warg (Orc:2)
  A steam dragon (Lair:5)
  18 swamp worms
  Menkaure (D:6)
  47 nagas
  2 acid dragons
  12 water moccasins
  A floating eye (Lair:4)
  10 hell hounds
  14 swamp drakes
  2 ice beasts
  2 black bears
  20 ogres
  17 orc warriors
  21 wolves
  19 centaurs
  6 small abominations
  4 bullfrogs
  8 kobold brigands
  Blork the orc (D:5)
  A gnoll sergeant (D:11)
  4 scorpions
  4 earth elementals
  9 wights
  11 killer bees
  4 electric eels
  3 howler monkeys (D:9)
  5 lava snakes (Lair:5)
  A quasit (Abyss:2)
  2 jellies (D:6)
  14 orc priests
  6 hounds
  2 iron imps
  A sleepcap (D:4)
  An iguana (D:5)
  18 orc wizards
  A statue (D:15)
  A hound zombie (D:3)
  13 gnolls
  8 adders
  4 river rats
  A shadow imp (Abyss:3)
  6 white imps
  3 ufetubi
  An adder zombie (D:3)
  8 worms
  3 dart slugs
  60 orcs
  4 bats
  12 endoplasms
  5 giant cockroaches
  6 goblins
  6 hobgoblins
  49 kobolds
  2 quokkas (D:4)
  9 ball pythons
  A frilled lizard (D:1)
  12 rats
  A butterfly (Lair:4)
  A lurking horror (Abyss:3)
  2 starspawn tentacles (Abyss:2)
1418 creatures vanquished.

Vanquished Creatures (collateral kills)
  3 ball lightnings
3 creatures vanquished.

Vanquished Creatures (others)
  A goliath frog (Swamp:4)
  A kobold demonologist (D:12)
  A polar bear (IceCv)
  A yak (D:9)
  A wolf (Lair:5)
  186 ball lightnings
  4 foxfires
  24 fungi
  78 plants
  2 starspawn tentacles (Abyss:3)
299 creatures vanquished.

Grand Total: 1720 creatures vanquished

Notes
Turn   | Place    | Note
-------+----------+-------------------------------------------
     0 | D:1      | jasper the Demonspawn Air Elementalist began the quest for
                  | the Orb.
     0 | D:1      | Reached XP level 1. HP: 13/13 MP: 3/3
   160 | D:1      | Reached skill level 3 in Air Magic
   165 | D:1      | Gained mutation: You are partially covered in molten
                  | scales. (AC +2) [demonic ancestry]
   165 | D:1      | Reached XP level 2. HP: 19/19 MP: 1/5
   190 | D:1      | Learned a level 2 spell: Static Discharge
   722 | D:2      | Reached XP level 3. HP: 24/24 MP: 1/6
  1136 | D:2      | Found a hazy altar of Hepliaklqana.
  1174 | D:2      | Found a faded altar of an unknown god.
  1300 | D:2      | Gained mutation: You regenerate a little health from kills.
                  | [demonic ancestry]
  1300 | D:2      | Reached XP level 4. HP: 16/30 MP: 3/7
  1473 | D:2      | Reached skill level 4 in Air Magic
  1491 | D:2      | Learned a level 3 spell: Swiftness
  1935 | D:3      | Identified the +8 battleaxe "Keqelate" {pain, Str+4 Dex+4}
  2064 | D:3      | Reached XP level 5. HP: 35/35 MP: 2/8
  2369 | D:3      | Found a basalt altar of Yredelemnul.
  2535 | D:3      | Found a snail-covered altar of Cheibriados.
  3008 | D:4      | Gained mutation: You have large cloven feet. [demonic
                  | ancestry]
  3008 | D:4      | Reached XP level 6. HP: 41/41 MP: 5/9
  3057 | D:4      | Found a blossoming altar of Fedhas.
  3185 | D:4      | Reached skill level 5 in Air Magic
  3336 | D:4      | Found a sparkling altar of Nemelex Xobeh.
  3832 | D:5      | Entered Level 5 of the Dungeon
  3878 | D:5      | Found a glowing drain.
  3942 | Sewer    | Entered a sewer
  4099 | Sewer    | Gained mutation: You regenerate magic rapidly. [demonic
                  | ancestry]
  4099 | Sewer    | Reached XP level 7. HP: 44/46 MP: 1/11
  4104 | Sewer    | Learned a level 4 spell: Airstrike
  4757 | Sewer    | Identified a scroll of acquirement
  4757 | Sewer    | Acquired the staff of air "Joenisto" {rElec rCorr}
  4943 | D:5      | Reached skill level 6 in Air Magic
  5038 | D:5      | Noticed a +0 short sword
  5039 | D:5      | Noticed a +0 dagger
  5040 | D:5      | Noticed a +0 falchion
  5040 | D:5      | Noticed a +0 spear
  5040 | D:5      | Noticed a +0 falchion
  5041 | D:5      | Noticed a +0 dagger
  5041 | D:5      | Noticed a +0 short sword
  5041 | D:5      | Noticed a +0 spear
  5043 | D:5      | Found a hide-covered altar of Uskayaw.
  5247 | D:5      | Reached skill level 7 in Air Magic
  5365 | D:5      | Noticed Blork the orc
  5373 | D:5      | Killed Blork the orc
  5374 | D:5      | Reached skill level 1 in Shields
  5802 | D:6      | Gained mutation: You are mostly covered in molten scales.
                  | (AC +3) [demonic ancestry]
  5802 | D:6      | Reached XP level 8. HP: 41/52 MP: 5/12
  6007 | D:6      | Found a staircase to the Ecumenical Temple.
  6016 | Temple   | Entered the Ecumenical Temple
  6021 | Temple   | Became a worshipper of Vehumet
  6256 | D:6      | Found Zoetz's Distillery.
  6263 | D:6      | Bought a potion of curing for 39 gold pieces
  6263 | D:6      | Bought a potion of haste for 130 gold pieces
  6263 | D:6      | Bought a potion of magic for 104 gold pieces
  6581 | D:6      | Found a hazy altar of Hepliaklqana.
  6586 | D:6      | Noticed Menkaure
  6595 | D:6      | Killed Menkaure
  7182 | D:7      | Identified the +4 hat of Inviolability {Str+4}
  7399 | D:7      | Reached skill level 5 in Evocations
  7498 | D:7      | Gained mutation: You regenerate health from kills. [demonic
                  | ancestry]
  7498 | D:7      | Reached XP level 9. HP: 31/57 MP: 4/13
  7507 | D:7      | Reached * piety under Vehumet
  7507 | D:7      | Offered knowledge of Freeze by Vehumet.
  7508 | D:7      | Reached skill level 1 in Staves
  8377 | D:8      | Reached skill level 5 in Staves
  8473 | D:8      | Offered knowledge of Searing Ray by Vehumet.
  8503 | D:8      | Reached ** piety under Vehumet
  8664 | D:8      | Gained mutation: You are completely covered in molten
                  | scales. (AC +4, rF+) [demonic ancestry]
  8664 | D:8      | Reached XP level 10. HP: 63/63 MP: 8/14
  8964 | D:9      | Noticed Erica
  8974 | D:9      | Killed Erica
  9353 | D:9      | Noticed a cyclops
 10079 | D:10     | Entered Level 10 of the Dungeon
 10083 | D:10     | Offered knowledge of Mephitic Cloud by Vehumet.
 10090 | D:9      | Learned a level 3 spell: Mephitic Cloud
 10189 | D:10     | Found Foall's Assorted Antiques.
 10194 | D:10     | Bought a scroll labelled PECHICWAOS for 30 gold pieces
 10221 | D:10     | Noticed a two-headed ogre
 10225 | D:10     | Killed a two-headed ogre
 10226 | D:10     | Reached skill level 10 in Staves
 10539 | D:10     | Reached *** piety under Vehumet
 10545 | D:10     | Gained mutation: When hurt, damage is shared between your
                  | health and your magic reserves. [demonic ancestry]
 10545 | D:10     | Reached XP level 11. HP: 53/68 MP: 8/15
 10717 | D:10     | Identified the +2 robe "Tiserism" {Rampage rElec}
 10815 | D:10     | Found a broken altar of Ashenzari.
 10988 | D:10     | Noticed a deep elf pyromancer
 10997 | D:10     | Killed a deep elf pyromancer
 11263 | D:10     | Found a sacrificial altar of Ru.
 12228 | D:10     | Noticed a hell knight
 12250 | D:10     | Killed a hell knight
 12349 | D:10     | Noticed a hell knight
 12350 | D:10     | Noticed a hell knight
 12350 | D:10     | Noticed a hell knight
 12354 | D:10     | Noticed a necromancer
 12356 | D:10     | Killed a hell knight
 12356 | D:10     | Noticed a hell knight
 12356 | D:10     | Noticed a necromancer
 12357 | D:10     | Reached skill level 1 in Fighting
 12357 | D:10     | Killed a hell knight
 12360 | D:10     | Killed a hell knight
 12413 | D:10     | Killed a necromancer
 12490 | D:10     | Killed a hell knight
 12520 | D:10     | Offered knowledge of Olgreb's Toxic Radiance by Vehumet.
 12571 | D:10     | Killed a necromancer
 12737 | D:10     | Noticed a hell knight
 12749 | D:10     | Killed a hell knight
 12750 | D:10     | Reached skill level 5 in Spellcasting
 12929 | D:11     | Learned a level 4 spell: Olgreb's Toxic Radiance
 13135 | D:11     | Reached skill level 1 in Poison Magic
 13233 | D:11     | Reached XP level 12. HP: 80/84 MP: 11/20
 13238 | D:11     | Reached **** piety under Vehumet
 13378 | D:11     | Offered knowledge of Fireball by Vehumet.
 13389 | D:11     | Found a staircase to the Lair.
 13504 | D:11     | Learned a level 5 spell: Fireball
 13519 | D:11     | Reached skill level 5 in Dodging
 13605 | D:11     | Noticed Erolcha
 13617 | D:11     | Killed Erolcha
 13618 | D:11     | Reached skill level 5 in Fighting
 14216 | Lair:1   | Entered Level 1 of the Lair of Beasts
 14829 | Lair:1   | Acquired 687 gold pieces
 15713 | Lair:2   | Found a staircase to the Swamp.
 16754 | Lair:2   | Found a staircase to the Snake Pit.
 16760 | Lair:2   | Reached XP level 13. HP: 53/97 MP: 2/24
 16963 | Lair:3   | Reached skill level 1 in Fire Magic
 16964 | Lair:3   | Reached ***** piety under Vehumet
 16964 | Lair:3   | Offered knowledge of Eringya's Noxious Bog by Vehumet.
 17175 | Lair:3   | Reached skill level 5 in Conjurations
 18909 | Lair:4   | Found a staircase to the Slime Pits.
 19517 | Lair:5   | Entered Level 5 of the Lair of Beasts
 19921 | D:12     | Gained mutation: You regenerate a lot of health from kills.
                  | [demonic ancestry]
 19921 | D:12     | Reached XP level 14. HP: 80/108 MP: 10/27
 20027 | D:12     | Acquired Sif Muna's Lessons on Evolution and the Sixfirhy
 20036 | D:12     | Learned a level 6 spell: Conjure Ball Lightning
 20305 | D:12     | Found Musetuq's Jewellery Shop.
 20321 | D:12     | Bought the amulet "Riem" {Spirit rF+ Regen+} for 704 gold
                  | pieces
 20551 | D:12     | Found a staircase to the Orcish Mines.
 20847 | D:12     | Learned a level 3 spell: Ignite Poison
 20924 | Orc:1    | Entered Level 1 of the Orcish Mines
 21134 | Orc:2    | Entered Level 2 of the Orcish Mines
 21134 | Orc:2    | Found a staircase to the Elven Halls.
 21157 | Orc:2    | Noticed Sonja
 21493 | Orc:2    | Killed Sonja
 21504 | Orc:2    | Found Usse's Weapon Boutique.
 21694 | Orc:2    | Reached skill level 8 in Air Magic
 21695 | Orc:2    | Reached ****** piety under Vehumet
 21823 | Orc:2    | Reached skill level 9 in Air Magic
 22084 | Orc:2    | Found Catopaus's Antique Armour Boutique.
 22084 | Orc:2    | Found Riumn's Weapon Boutique.
 22119 | Orc:2    | Found Xezula's Assorted Antiques.
 22128 | Orc:2    | Found Enoan's Armour Shop.
 22132 | Orc:2    | Bought a shiny wooden ring for 130 gold pieces
 22237 | Orc:2    | Bought a pair of bloodstained boots for 313 gold pieces
 22237 | Orc:2    | Identified the +0 pair of boots "Vafo" {Int+3} (You bought
                  | it in a shop on level 2 of the Orcish Mines)
 22695 | Lair:5   | Offered knowledge of Arcjolt by Vehumet.
 23164 | Lair:5   | Reached skill level 10 in Conjurations
 23188 | Lair:5   | Reached skill level 10 in Air Magic
 23191 | Lair:5   | Learned a level 2 spell: Blink
 23843 | Lair:5   | Found a snail-covered altar of Cheibriados.
 24105 | Lair:5   | Reached XP level 15. HP: 106/114 MP: 23/28
 24348 | Lair:5   | Found a large runed translucent door.
 24348 | Lair:5   | Found a large runed translucent door.
 25074 | D:13     | Got the Almanac of Incandescence
 25101 | D:13     | Offered knowledge of Orb of Destruction by Vehumet.
 25102 | D:13     | Reached skill level 10 in Spellcasting
 26430 | Abyss:2  | Cast into level 2 of the Abyss (a wizard)
 26508 | Abyss:2  | Noticed a bone dragon
 26601 | Abyss:2  | Noticed a tentacled starspawn
 26606 | Abyss:2  | Killed a tentacled starspawn
 26630 | Abyss:2  | Noticed a revenant
 26638 | Abyss:2  | Killed a revenant
 26740 | Abyss:2  | Learned a level 6 spell: Plasma Beam
 27157 | D:14     | Escaped the Abyss
 27236 | D:14     | Reached skill level 5 in Fire Magic
 27238 | D:14     | Offered knowledge of Freezing Cloud by Vehumet.
 27372 | D:14     | Found a gate to the Vaults.
 27570 | D:15     | Entered Level 15 of the Dungeon
 27651 | D:15     | Learned a level 5 spell: Freezing Cloud
 27848 | D:15     | Found a frozen archway.
 27918 | IceCv    | Entered an ice cave
 27946 | IceCv    | Reached skill level 11 in Air Magic
 27974 | IceCv    | Gained mutation: You have hoof-like feet. [demonic
                  | ancestry]
 27974 | IceCv    | Reached XP level 16. HP: 90/122 MP: 16/32
 28776 | IceCv    | Noticed a shard shrike
 29084 | D:15     | Found a large runed translucent door.
 29084 | D:15     | Found a large runed translucent door.
 29087 | D:15     | Noticed Keluf's ghost (journeyman GrFi)
 29110 | D:15     | Offered knowledge of Lee's Rapid Deconstruction by Vehumet.
 29111 | D:15     | Reached skill level 12 in Air Magic
 29303 | D:15     | Found Tyamemiu's Jewellery Shoppe.
 29310 | D:15     | Bought a +6 ring of intelligence for 576 gold pieces
 29439 | D:15     | Found a radiant altar of Vehumet.
 29803 | D:15     | Found a staircase to the Depths.
 30240 | Swamp:1  | Entered Level 1 of the Swamp
 31133 | Swamp:2  | Reached skill level 13 in Air Magic
 31340 | Swamp:2  | Reached skill level 10 in Fire Magic
 31463 | Swamp:2  | Offered knowledge of Starburst by Vehumet.
 31965 | Swamp:3  | Gained mutation: Your presence sometimes corrodes those you
                  | injure. [demonic ancestry]
 31965 | Swamp:3  | Reached XP level 17. HP: 127/127 MP: 14/33
 32728 | Swamp:4  | Entered Level 4 of the Swamp
 32737 | Swamp:4  | Reached skill level 10 in Fighting
 32935 | Swamp:4  | Reached skill level 14 in Air Magic
 33297 | Swamp:4  | Offered knowledge of Maxwell's Capacitive Coupling by
                  | Vehumet.
 33714 | Swamp:4  | Got a decaying rune of Zot
 33989 | Snake:1  | Entered Level 1 of the Snake Pit
 34680 | Snake:1  | Found Kag Ikhle's Weapon Shoppe.
 34715 | Snake:1  | Found Syfag's Assorted Antiques.
 34717 | Snake:1  | Found Elovvu Xail's General Store.
 34723 | Snake:1  | Bought a potion of heal wounds for 180 gold pieces
 34723 | Snake:1  | Bought 2 potions of heal wounds for 360 gold pieces
 34723 | Snake:1  | Bought a scroll of teleportation for 108 gold pieces
 35964 | Snake:2  | Gained mutation: You have hooves in place of feet. [demonic
                  | ancestry]
 35964 | Snake:2  | Reached XP level 18. HP: 135/135 MP: 34/36
 36216 | Snake:2  | Noticed Jorgrun
 36223 | Snake:2  | Killed Jorgrun
 36224 | Snake:2  | Reached skill level 15 in Spellcasting
 36279 | Snake:2  | Learned a level 8 spell: Maxwell's Capacitive Coupling
 36699 | Snake:2  | Found Qamukhlunk's General Store.
 36701 | Snake:2  | Found Venidis's Specific Store.
 36768 | Snake:2  | Offered knowledge of Fire Storm by Vehumet.
 36768 | Snake:2  | Offered knowledge of Chain Lightning by Vehumet.
 36768 | Snake:2  | Offered knowledge of Polar Vortex by Vehumet.
 37558 | Snake:3  | Reached skill level 15 in Air Magic
 37814 | Snake:3  | Found a runed translucent door.
 37815 | Snake:3  | Noticed lotum's ghost (journeyman DsCj)
 38297 | Snake:3  | Found Zenair's Magic Scroll Emporium.
 38533 | Snake:4  | Entered Level 4 of the Snake Pit
 38703 | Snake:4  | Reached skill level 16 in Air Magic
 39069 | Snake:4  | Found Ynoupn's Distillery.
 39173 | Snake:1  | Bought a scroll of acquirement for 676 gold pieces
 39173 | Snake:1  | Acquired 1188 gold pieces
 39175 | Snake:1  | Bought a scroll of magic mapping for 97 gold pieces
 39252 | Snake:4  | Bought a potion of haste for 100 gold pieces
 39252 | Snake:4  | Bought a potion of curing for 30 gold pieces
 39252 | Snake:4  | Bought a potion of ambrosia for 80 gold pieces
 39252 | Snake:4  | Bought a potion of ambrosia for 80 gold pieces
 39252 | Snake:4  | Bought a potion of haste for 100 gold pieces
 39662 | Snake:4  | Noticed Vashnia
 39679 | Snake:4  | Killed Vashnia
 39680 | Snake:4  | Reached skill level 17 in Air Magic
 40038 | Snake:4  | Gained mutation: Your presence sometimes corrodes or
                  | deforms those you injure. [demonic ancestry]
 40038 | Snake:4  | Reached XP level 19. HP: 116/140 MP: 21/38
 40090 | Snake:4  | Got a serpentine rune of Zot
 40485 | Elf:1    | Entered Level 1 of the Elven Halls
 40704 | Elf:1    | Reached skill level 18 in Air Magic
 40991 | Elf:1    | Got the Elucidation of Creation
 41790 | Elf:2    | Paralysed by an air elemental for 1 turns
 42002 | Elf:2    | Found a runed translucent gate.
 42002 | Elf:2    | Found a runed translucent gate.
 42029 | Elf:2    | Found a runed translucent gate.
 42239 | Elf:2    | Found the +12 pair of quick blades "Gyre" and "Gimble"
                  | {protect}
 42360 | Elf:3    | Entered Level 3 of the Elven Halls
 42473 | Elf:3    | Noticed Aizul
 42476 | Elf:3    | Killed Aizul
 42485 | Elf:3    | Paralysed by an air elemental for 1 turns
 42487 | Elf:3    | Paralysed by an air elemental for 1 turns
 42490 | Elf:3    | Noticed Donald
 42689 | Elf:3    | Killed Donald
 42715 | Elf:3    | Reached skill level 10 in Dodging
 43996 | Elf:3    | Identified the +9 trident "Keiw" {vamp, Drain Int+5}
 44012 | Abyss:2  | Cast into level 2 of the Abyss (a deep elf sorcerer)
 44155 | Abyss:3  | Found a corrupted altar of Lugonu.
 44162 | Abyss:3  | Noticed an ancient lich
 44363 | Abyss:3  | Reached XP level 20. HP: 141/150 MP: 3/39
 44387 | Abyss:3  | Paralysed by accursed screaming for 1 turns
 44391 | Abyss:3  | Paralysed by accursed screaming for 2 turns
 44394 | Elf:3    | Escaped the Abyss
 44593 | Elf:3    | Identified the +2 plate armour of Ceriseax {Will+ Str+4}
 44612 | Elf:3    | Identified the amulet "Jazit" {Reflect rPois rC+ Str+3
                  | Dex-5 SH+5}
 44784 | Elf:3    | Identified the staff of poison "Qusux" {rPois Stlth+}
 44795 | Elf:3    | Got the Handbook of Pestilent Phantasms
 44798 | Elf:3    | Identified the +1 arbalest "Vickuaq" {penet, rC- MP+9
                  | Stlth+}
 44799 | Elf:3    | Identified the staff of poison "Beadwa Loun" {rElec rPois
                  | rC++ Will+ Int-3}
 44821 | Elf:3    | Identified the staff of earth "Empacsi" {rC+}
 45187 | Vaults:1 | Entered Level 1 of the Vaults
 45197 | Vaults:1 | Got the Incunable of Kinetic Fever
 45367 | Vaults:1 | Identified the +1 great sword "Pasoto" {antimagic, rPois
                  | rCorr Dex+3}
 45543 | Vaults:1 | Learned a level 8 spell: Ignition
 46672 | Vaults:1 | Reached skill level 15 in Fire Magic
 47212 | Abyss:3  | Cast into level 3 of the Abyss (a wizard)
 47216 | Abyss:3  | Killed an ancient lich
 47221 | Abyss:3  | Noticed a profane servitor
 47245 | Abyss:3  | Killed a profane servitor
 47324 | Abyss:3  | Killed from afar by a wretched star

Illustrated notes

Levels and vault maps discovered:
D:1:      lemuel_arrival_rhombus, layout_loops_ring
D:2:      layout_loops_ring, basic_ecumenical_altar, basic_altar,
          nicolae_grassy_gnolls
D:3:      layout_rooms, lemuel_zombie_altar_yredelemnul, slow_altar_1
D:4:      layout_gridville, mainiacjoe_overflow_tiny_flanked,
          lemuel_doored_altar, cheibrodos_gnoll_hut
D:5:      layout_loops_corners, nicolae_uskayaw_en_pointe, portal_sewer_entry_a,
          uniq_blork_the_orc
D:6:      nicolae_cairo_tiling_large, layout_basic,
          nicolae_hepliaklqana_hippocampus, temple_hall, serial_shops, shop,
          serial_glass, glass_columns_a, glass_columns_a, glass_columns_a,
          glass_columns_c, glass_columns_a, glass_columns_a, glass_columns_b,
          glass_columns_a, glass_columns_b, glass_columns_c, uniq_menkaure
D:7:      layout_basic
D:8:      layout_rooms
D:9:      layout_loops_cross, grunt_ministairs_12, lightli_corner_chamber,
          uniq_erica
D:10:     statuecave_lemuel, layout_loops_ring, ashenzari_altar_1,
          mainiacjoe_overflow_two_lobes, serial_shops,
          nicolae_shop_hallway_plus, minmay_rotating_lava
D:11:     layout_loops_corners, lair_entry_dummy, uniq_erolcha
D:12:     layout_rooms, david_orc_4, serial_shops, nicolae_shop_window_shopping
D:13:     layout_roguey
D:14:     layout_loops_ring, david_vaults_1, corexii_hall_statues_l,
          nicolae_sextant
D:15:     grunt_enter_depths_snipers, layout_cave_pods, serial_shops,
          nicolae_square_shop, portal_ice_cave_entry_ugly_swarm,
          hangedman_decor_points, ebering_ghost_disaster_area, vehumet_statue
Temple:   cyrus_circular_temple
Lair:1:   layout_long_grid, grunt_megastairs_5
Lair:2:   layout_misc_corridors, minmay_swamp_entry_worms,
          nicolae_snake_entry_squirm, wad_woods_01, lemuel_fruit_fields
Lair:3:   layout_cave_pods, nicolae_lair_grazing_beasts
          [nicolae_sub_lair_graze_edge, nicolae_sub_lair_graze_edge,
          nicolae_sub_lair_graze_edge, nicolae_sub_lair_graze_edge],
          infiniplex_staircase_pool_2
Lair:4:   layout_regular_city, minmay_slime_entry_eyes,
          grunt_forest_small_clearings, lemuel_fruit_fields
Lair:5:   cheibrodos_lair_end_hotspot, layout_layer_cave,
          kennysheep_snail_temple
Swamp:1:  layout_basic_swamp, evilmike_swamp_ruin_rubble_1, swamp_pool5
Swamp:2:  layout_basic_swamp, serial_swamp_ruin, evilmike_swamp_ruin_house_6,
          evilmike_swamp_ruin_house_5, hangedman_swamp_ruin_hall
Swamp:3:  layout_basic_swamp, evilmike_swamp_ruin_house_3
Swamp:4:  swamp_basic_johnstein, layout_basic_swamp
Snake:1:  layout_layer_cave, grunt_ministairs_1, grunt_megastairs_1,
          serial_bayou_shore_a, minmay_shop_star
Snake:2:  layout_honeycomb, nicolae_specific_store, nicolae_snake_gridmaze_tees,
          nicolae_snake_gridmaze_waves, nicolae_snake_boneroom, uniq_jorgrun
Snake:3:  layout_misc_corridors, serial_shops, nicolae_shop_back_alley_shop,
          hellmonk_ghost_happy_afterlife
Snake:4:  grunt_snake_rune_serpentine_throne, layout_onion, serial_shops,
          shop_coins
Orc:1:    layout_caves, basic_altar
Orc:2:    st_orc_open, layout_diamond_mine, serial_shops, shop, uniq_sonja
Elf:1:    eino_elf_arrival_customs, layout_gridlike, minmay_elf_demonology,
          grunt_megastairs_2, lemuel_upstairs_altar
Elf:2:    elven_hall_of_blades_hangedman_original [nicolae_blade_little_rooms],
          layout_geoelf_grid, hellmonk_guarded_unrand_gyre_and_gimble
Elf:3:    minmay_elf_hall_statues, layout_rooms, uniq_donald, uniq_aizul
Vaults:1: hangedman_vaults_stitches, hangedman_vaults_nails, v_alt_pattern_1,
          v_alt_pattern_3, ontoclasm_vaults_pinch, v_misc_18,
          nicolae_vaults_steering_wheel, ontoclasm_vaults_shuriken,
          nicolae_vaults_little_squares_4, layout_vaults_quadrants
Vaults:2: gammafunk_ghost_spectres, nicolae_vaults_weapon_check,
          nicolae_vaults_big_angled_halls, nicolae_vaults_tetromino_Z_1,
          nicolae_vaults_big_ls, ontoclasm_vaults_ring_square, v_misc_10,
          v_misc_2, grunt_vaults_twisty, v_misc_33, vaults_room_ringed_pool,
          ontoclasm_vaults_gateway, layout_vaults_omnibox, serial_shops,
          nicolae_shop_back_alley_shop, nicolae_trove_entry_columns
Abyss:3:  base: D:7, bh_silent_lugonu_exit, evilmike_abyss_exit_16,
          hangedman_abyss_theft, base:
Lair:2

Skill      XL: |  1  2  3  4  5  6  7  8  9 10 11 12 13 14 15 16 17 18 19 20 |
---------------+-------------------------------------------------------------+-----
Air Magic      | 3 4 5 7 10 11 13 14 17 18 | 18.7
Conjurations   | 2 3 4 6 10 | 10.0
Spellcasting   | 3 5 7 9 12 14 15 | 15.5
Shields        | 2 4 |  4.1
Evocations     | 6 |  6.0
Staves         | 7 11 12 | 12.0
Fighting       | 4 7 9 10 11 | 11.1
Dodging        | 4 7 8 9 10 | 10.2
Poison Magic   | 3 |  3.6
Fire Magic     | 4 6 10 11 12 16 | 16.1
Stealth        | |  1.7

Action                     |  1- 3 |  4- 6 |  7- 9 | 10-12 | 13-15 | 16-18 | 19-21 || total
---------------------------+-------+-------+-------+-------+-------+-------+-------++-------
  Melee: Whip              |     4 |       |       |       |       |       |       ||     4
         Flail             |     1 |     5 |       |       |       |       |       ||     6
         Battleaxe         |       |    25 |       |       |       |       |       ||    25
         Kick              |       |     2 |    16 |    50 |    27 |    15 |    44 ||   154
         Staff             |       |       |    47 |   144 |   363 |   108 |   126 ||   788
   Cast: Shock             |    61 |   126 |   250 |   298 |   155 |     3 |     3 ||   896
         Static Discharge  |       |     3 |    13 |     3 |       |       |       ||    19
         Airstrike         |       |       |    18 |    98 |   203 |     2 |    37 ||   358
         Swiftness         |       |       |     1 |     2 |       |       |       ||     3
         Mephitic Cloud    |       |       |       |    18 |     1 |     1 |       ||    20
         Olgreb's Toxic Ra |       |       |       |    24 |   125 |     5 |    18 ||   172
         Fireball          |       |       |       |     5 |    13 |       |       ||    18
         Ignite Poison     |       |       |       |       |    46 |     2 |    15 ||    63
         Conjure Ball Ligh |       |       |       |       |    52 |    12 |     4 ||    68
         Plasma Beam       |       |       |       |       |    36 |   499 |   291 ||   826
         Freezing Cloud    |       |       |       |       |       |    52 |    14 ||    66
         Maxwell's Capacit |       |       |       |       |       |       |     4 ||     4
         Ignition          |       |       |       |       |       |       |     3 ||     3
  Evoke: Wand              |       |       |     5 |     4 |    11 |     6 |    19 ||    45
         Condenser vane    |       |       |       |       |       |     2 |     2 ||     4
    Use: Scroll            |       |     6 |     8 |     6 |    10 |    15 |     6 ||    51
         Potion            |       |       |     1 |     7 |     3 |     3 |       ||    14
   Stab: Paralysed         |       |       |       |       |       |     4 |       ||     4
         Invisible         |       |       |       |       |       |       |     2 ||     2
 Armour: Robe              |     5 |    14 |    62 |   101 |   104 |       |       ||   286
         Troll leather arm |       |       |       |       |   139 |    50 |    78 ||   267
         Swamp dragon scal |       |       |       |       |       |    49 |    18 ||    67
  Dodge: Dodged            |     5 |    38 |    79 |   164 |   409 |   119 |   125 ||   939
  Block: Buckler           |       |       |    30 |    86 |   196 |    65 |    82 ||   459

Table legend: (Time is in decaauts)
 A = Elapsed time spent in this place.
 B = Non-inter-level travel time spent in this place.
 C = Inter-level travel time spent in this place.
 D = Time resting spent in this place.
 E = Time spent auto-exploring this place.
 F = Levels seen in this place.
 G = Mean time per level.
                   A        B        C        D        E       F      G
               +--------+--------+--------+--------+--------+-----+--------+
         Total |  47577 |  44778 |   2799 |   5660 |  31955 |  42 | 1132.8 |
       Dungeon |  18274 |  17078 |   1196 |   2125 |  12414 |  15 | 1218.3 |
        Temple |     12 |     12 |      0 |      0 |      0 |   1 |   12.0 |
          Lair |   7999 |   7385 |    614 |    522 |   5733 |   5 | 1599.8 |
         Swamp |   3863 |   3629 |    234 |    893 |   2183 |   4 |  965.8 |
     Snake Pit |   6310 |   5945 |    365 |    670 |   4467 |   4 | 1577.5 |
  Orcish Mines |   1608 |   1479 |    129 |    307 |    857 |   2 |  804.0 |
   Elven Halls |   4168 |   3936 |    232 |    893 |   2402 |   3 | 1389.3 |
        Vaults |   2018 |   1993 |     25 |     37 |   1742 |   2 | 1009.0 |
         Abyss |   1206 |   1206 |      0 |     49 |    608 |   4 |  301.5 |
         Sewer |    985 |    985 |      0 |      0 |    846 |   1 |  985.0 |
      Ice Cave |   1128 |   1128 |      0 |    164 |    700 |   1 | 1128.0 |
               +--------+--------+--------+--------+--------+-----+--------+

Top non-repeatable levels by time:
    D:10: 2676 daAuts
  Lair:5: 2143 daAuts
 Snake:2: 1994 daAuts
   Elf:3: 1883 daAuts
 Snake:1: 1701 daAuts
Vaults:1: 1683 daAuts
    D:11: 1679 daAuts
  Lair:2: 1659 daAuts
  Lair:3: 1447 daAuts
  Lair:1: 1420 daAuts
 Snake:3: 1410 daAuts
   Elf:1: 1351 daAuts
    D:15: 1345 daAuts
  Lair:4: 1329 daAuts
     D:7: 1280 daAuts
